Map: Triton LE

Players

Mez

  • Race: Terran Terran
  • League: Master
  • Spawn Location: 5:00

ȎlȎ - Winner!

  • Race: Protoss Protoss
  • League: Master
  • Spawn Location: 11:00

VOD

Have the link to the VOD?

Description

Time

  • Played on: Aug. 22, 2019, 5:57 a.m.
  • Length: 3:31
Show
View Real Time Build Order
Export as new Build Order

Mez Terran 

Build Orders: Reaper Expand 

Get SALT Encoding   

  12  0:00  SCV  
  13  0:13  SCV  
  14  0:17  Supply Depot  
  14  0:25  SCV  
  15  0:39  SCV  
  15  0:40  Barracks  
  16  0:45  Refinery  
  16  0:50  Refinery  
  16  0:53  SCV  
  17  1:06  SCV  
  18  1:18  SCV  
  19  1:30  Reaper  
  19  1:32  Orbital Command  
  20  1:57  Command Center  
  20  1:59  SCV  
  21  2:04  Barracks Reactor  
  21  2:10  Supply Depot  
  21  2:13  SCV  
  22  2:25  SCV  
  22  2:29  Bunker  
  23  2:42  Marine x2  
  23  2:43  SCV  
  25  2:56  Command Center  
  25  3:00  Command Center  
  25  3:02  Factory, Marine  
  25  3:03  Marine  
  24  3:18  SCV  
Show
View Real Time Build Order
Export as new Build Order

ȎlȎ Protoss - Winner!

Build Orders:  

Get SALT Encoding   

  12  0:00  Probe  
  13  0:13  Probe  
  14  0:19  Pylon  
  14  0:25  Probe  
  15  0:33  Probe  
  15  0:41  Probe  
  17  0:50  Pylon  
  17  0:51  Probe  
  18  0:58  Assimilator  
  18  1:03  Probe  
  19  1:10  Gateway  
  19  1:15  Probe  
  20  1:27  Probe  
  21  1:43  Nexus  
  21  1:50  Zealot  
  21  2:00  Cybernetics Core  
  23  2:03  Assimilator  
  23  2:13  Pylon  
  23  2:14  Zealot, Probe  
  26  2:26  Probe  
  27  2:32  Stalker  
  27  2:42  Shield Battery  
  29  2:53  Probe  
  29  2:54  Twilight Council  
  30  3:01  Stalker  
  32  3:06  Probe  
  32  3:11  Probe  
  34  3:18  Probe  
  34  3:19  Probe  
Tags
 
Add a new tag
Caveats
  • Supply blocks, unpowered buildings, or Contaminate may cause inaccurate times.
  • Supply counts are checked every 10 seconds.